 Dungeon Crawl Stone Soup version 0.27-a0-242-ge0fc76b88b (webtiles) character file.

Game seed: 8554929419695298570

7641 Borgoz the Carver (level 11, -14/94 HPs)
             Began as a Ghoul Gladiator on Feb 2, 2021.
             Was a Follower of Ashenzari.
             Demolished by a komodo dragon (23 damage)
             ... on level 10 of the Dungeon.
             The game lasted 00:18:08 (13344 turns).

Borgoz the Carver (Ghoul Gladiator)                Turns: 13344, Time: 00:18:09

Health: -14/94     AC: 13    Str: 19    XL:     11   Next: 18%
Magic:  0/10       EV: 17    Int:  3    God:    Ashenzari [*.....]
Gold:   213        SH:  0    Dex: 19    Spells: 10/10 levels left

rFire    + . .     SeeInvis .   a - +7 falchion
rCold    + . .     Faith    .   (no shield)
rNeg     + + +     Spirit   +   t - +1 scale mail {rF+}
rPois    ∞         Reflect  .   c - +0 helmet
rElec    .         Harm     .   s - +0 cloak
rCorr    .         Rampage  .   o - +0 pair of gloves (curse)
Will     .....                  f - +0 pair of boots
Stlth    ..........             l - amulet of guardian spirit
HPRegen  0.00/turn              x - +6 ring of dexterity
MPRegen  0.12/turn              (no ring)

@: mighty
A: claws 1, cold resistance 1, negative energy resistance 3, inhibited
regeneration, torment resistance, unbreathing
a: Renounce Religion, Curse Item, Scrying


You were on level 10 of the Dungeon.
You worshipped Ashenzari.
Ashenzari was aware of your devotion.
You visited 2 branches of the dungeon, and saw 11 of its levels.

You collected 510 gold pieces.
You spent 297 gold pieces at shops.

Inventory:

Hand Weapons
 a - a +7 falchion (weapon)
 i - a +3 great sword of freezing
Armour
 c - a +0 helmet (worn)
 f - a +0 pair of boots (worn)
 o - a cursed +0 pair of gloves (worn)
 s - a +0 cloak (worn)
 t - a +1 scale mail of fire resistance (worn)
Jewellery
 l - an amulet of guardian spirit (around neck)
 x - a +6 ring of dexterity (left hand)
Wands
 b - a wand of acid (9)
 m - a wand of iceblast (7)
 q - a wand of paralysis (8)
 u - a wand of digging (7)
 z - a wand of flame (18)
Scrolls
 e - 6 scrolls of magic mapping
 h - a scroll of enchant armour
 p - 2 scrolls of remove curse
 w - a scroll of blinking
Potions
 j - 2 potions of flight
 k - a potion of brilliance
 n - 4 potions of resistance
 r - 2 potions of haste


   Skills:
 + Level 7.9 Fighting
 * Level 9.5 Long Blades
 - Level 1.7 Throwing
 + Level 6.1 Armour
 * Level 9.4 Dodging


You had 10 spell levels left.
You didn't know any spells.
Your spell library was empty.

Dungeon Overview and Level Annotations

Branches:
Dungeon (10/15)            Temple (1/1) D:7            Lair (0/6) D:10
    Orc (0/2) D:9

Altars:
Ashenzari
Cheibriados
Dithmenos
Elyvilon
Fedhas
Gozag
Hepliaklqana
Kikubaaqudgha
Makhleb
Nemelex Xobeh
Okawaru
Qazlal
Ru
Sif Muna
Trog
Uskayaw
Vehumet
Wu Jian
Xom
Yredelemnul
Zin
The Shining One

Shops:
D:4 *   D:5 (   D:6 !   D:7 *   D:8 ([?(*


Innate Abilities, Weirdness & Mutations

You thrive by killing the living.
You are immune to poison.
You have sharp fingernails.
Your flesh is cold resistant. (rC+)
You are immune to negative energy. (rN+++)
You do not regenerate when monsters are visible.
You are immune to unholy pain and torment.
You can survive without breathing.


Message History

The komodo dragon is moderately wounded.
The komodo dragon completely misses you.
You riposte.
You closely miss the komodo dragon.
The komodo dragon is moderately wounded.
You slash the komodo dragon!
The komodo dragon is heavily wounded.
The komodo dragon bites you.
* * * LOW HITPOINT WARNING * * *
You feel very mighty all of a sudden. The komodo dragon bites you!!
* * * LOW HITPOINT WARNING * * *
You barely miss the komodo dragon.
The komodo dragon is heavily wounded.
The komodo dragon barely misses you.
Okay, then.
Aiming: Paralyse
Press: ? - help, Shift-Dir - straight line, f - komodo dragon
Aim: a komodo dragon (heavily wounded, chance to affect: 28%)
The komodo dragon easily resists.
The komodo dragon bites you!!
You die...

.....###.###...P.....#
.....# #..####.....###
..†..# #### #....##
.....# #....# ......#
#....# ##.##..#
######'### ... ..#
#.......# ###
........##..## #...##
#.#@.# #.)[##l.#
.......#...#
....#..#...# ###
..##...# #..#....#
#..#....# #.)#....#
##...#


You could see a komodo dragon.

Vanquished Creatures
  A tengu warrior (D:10)
  The ghost of HoaS the Twirler, a novice FoFi of Okawaru (D:5)
  A guardian serpent (shapeshifter) (D:10)
  A troll (D:10)
  Prince Ribbit (D:8)
  A steam dragon (D:8)
  Menkaure (D:5)
  Edmund (D:5)
  2 wargs (D:9)
  A water moccasin (D:9)
  The ghost of ma3 the Magician, an amateur SpEE (D:4)
  2 orc warriors
  2 ice beasts (D:8)
  4 sky beasts
  6 ogres
  4 centaurs
  2 phantoms
  A big kobold (D:8)
  10 bullfrogs
  2 gnoll sergeants
  A wyvern zombie (D:8)
  A wyvern skeleton (D:7)
  A scorpion (D:7)
  5 killer bees
  16 wights
  7 howler monkeys
  2 bullfrog zombies
  6 hounds
  A jelly (D:7)
  9 orc priests
  2 iguanas (D:7)
  A centaur skeleton (D:7)
  Natasha (thrice) (D:3)
  12 orc wizards
  6 worker ants
  A killer bee zombie (D:9)
  A worker ant zombie (D:9)
  12 gnolls
  7 adders
  3 shadow imps
  6 white imps
  An ufetubus (D:7)
  3 oozes
  2 adder zombies
  2 adder skeletons
  3 worms
  A dart slug (D:1)
  6 leopard geckos
  33 orcs
  4 giant cockroaches
  8 hobgoblins
  8 jackals
  5 quokkas
  2 ball pythons (D:4)
  7 bats
  4 frilled lizards
  9 goblins
  10 kobolds
  A leopard gecko zombie (D:8)
  A quokka zombie (D:8)
  9 rats
267 creatures vanquished.

Vanquished Creatures (others)
  An ogre (D:10)
  An orc wizard (D:7)
  31 plants
33 creatures vanquished.

Grand Total: 300 creatures vanquished

Notes
Turn   | Place    | Note
-------+----------+-------------------------------------------
     0 | D:1      | Borgoz the Ghoul Gladiator began the quest for the Orb.
     0 | D:1      | Reached XP level 1. HP: 17/17 MP: 0/0
   165 | D:1      | Reached XP level 2. HP: 23/24 MP: 1/1
   439 | D:1      | Reached XP level 3. HP: 29/30 MP: 2/2
  1407 | D:2      | Found a sacrificial altar of Ru.
  1620 | D:2      | Reached skill level 1 in Armour
  1870 | D:2      | Reached XP level 4. HP: 33/37 MP: 3/3
  2028 | D:3      | Noticed Natasha
  2031 | D:3      | Killed Natasha
  2296 | D:3      | Noticed Natasha
  2306 | D:3      | Killed Natasha
  2307 | D:3      | Reached XP level 5. HP: 35/45 MP: 4/4
  2833 | D:3      | Noticed Natasha
  2846 | D:3      | Killed Natasha
  3100 | D:4      | Found a runed translucent door.
  3108 | D:4      | Noticed ma3's ghost (amateur SpEE)
  3166 | D:4      | Reached XP level 6. HP: 51/51 MP: 5/5
  3209 | D:4      | Found a runed translucent door.
  3264 | D:4      | HP: 2/51 [ma3's ghost/stone arrow (13)]
  3282 | D:4      | Killed ma3's ghost
  3320 | D:4      | Found Domias's Assorted Antiques.
  3414 | D:4      | Bought a potion of might for 100 gold pieces
  3458 | D:4      | Reached XP level 7. HP: 25/58 MP: 3/6
  4161 | D:4      | Reached skill level 5 in Long Blades
  4259 | D:4      | HP: 2/59 [gnoll sergeant/+0 trident (9)]
  4572 | D:3      | Reached skill level 5 in Dodging
  5298 | D:5      | Entered Level 5 of the Dungeon
  5298 | D:5      | Found Bapp's Antique Weapon Emporium.
  5315 | D:5      | Reached XP level 8. HP: 67/67 MP: 7/7
  5505 | D:5      | Found a large runed translucent door.
  5506 | D:5      | Found a large runed translucent door.
  5509 | D:5      | Noticed HoaS's ghost (novice FoFi)
  5525 | D:5      | Noticed Menkaure
  5551 | D:5      | Killed Menkaure
  5975 | D:5      | Noticed Edmund
  5991 | D:5      | Killed Edmund
  6319 | D:6      | Reached skill level 5 in Fighting
  6888 | D:5      | Reached XP level 9. HP: 66/74 MP: 8/8
  7252 | D:6      | Found Asaturr's Distillery.
  7582 | D:6      | Found a stormy altar of Qazlal.
  7914 | D:7      | Found a staircase to the Ecumenical Temple.
  7952 | Temple   | Entered the Ecumenical Temple
  8071 | Temple   | Became a worshipper of Ashenzari the Shackled
  9262 | D:7      | Found Ophurpheiss's Serpentskin Sales.
  9585 | D:5      | Bought a steaming falchion for 176 gold pieces
  9585 | D:5      | Identified the cursed +1 falchion of the First Orbs
                  | {freeze, *Noise Will+++ Dex-2 SInv} (You bought it in a
                  | shop on level 5 of the Dungeon)
  9682 | D:8      | Found Cinucw's Antique Weapon Shoppe.
  9780 | D:8      | Found Ydghokhou's Armour Shoppe.
  9851 | D:8      | Reached XP level 10. HP: 66/84 MP: 9/9
  9962 | D:8      | Found Adyut's Magic Scroll Emporium.
  9986 | D:8      | Reached skill level 5 in Armour
 10086 | D:8      | Found Wiekitiero's Assorted Antiques.
 10096 | D:8      | Bought a scroll labelled ZEFIXE CEEGYO for 21 gold pieces
 10211 | D:8      | Found Orauzxoa's Weapon Shop.
 10254 | D:8      | Noticed Prince Ribbit
 10745 | D:8      | Killed Prince Ribbit
 10979 | D:5      | Killed HoaS's ghost
 12140 | D:9      | Reached * piety under Ashenzari
 12166 | D:9      | Found a staircase to the Orcish Mines.
 12377 | D:10     | Entered Level 10 of the Dungeon
 12820 | D:10     | Noticed a tengu warrior
 12825 | D:10     | Reached XP level 11. HP: 92/92 MP: 10/10
 12839 | D:10     | Noticed an ogre mage
 12848 | D:10     | Killed a tengu warrior
 13321 | D:10     | Found a staircase to the Lair.
 13344 | D:10     | Demolished by a komodo dragon

Illustrated notes

Levels and vault maps discovered:
D:1:      lightli_arrival_flooded_house, layout_loops_corners
D:2:      layout_basic, nicolae_ru_the_path_less_chosen
D:3:      layout_loops_cross, uniq_natasha
D:4:      layout_loops_corners, ebering_ghost_sewer_f, serial_bayou,
          serial_bayou_ford_a, serial_bayou_lagoon_b, serial_bayou_lake_a,
          serial_bayou_pond_b, serial_shops, shop, minmay_misc_feat_alley,
          lightli_minifort
D:5:      kennysheep_spiral_hall, layout_gridville, serial_shops, shop,
          ebering_ghost_disaster_area, uniq_edmund, uniq_menkaure
D:6:      layout_rooms, grunt_qazlal_clouds, serial_shops, shop_fountains
D:7:      layout_cave_pods, minmay_temple_entry_mini_moons, guppyfry_shop_venom
D:8:      layout_rooms, serial_shops, kennysheep_mini_moat, shop_fountains,
          shop, shop, nicolae_shop_crystal, minmay_misc_feat_chi, st_stairs_3,
          uniq_prince_ribbit1
D:9:      layout_big_octagon, minmay_orc_entry_guard_dogs
D:10:     layout_roguey, david_lair_shrubbed, minmay_pinched_square, uniq_erica
Temple:   compressed_dpeg_circular_temple

Skill      XL: |  1  2  3  4  5  6  7  8  9 10 11 |
---------------+----------------------------------+-----
Dodging        | 3 4 5 6 7 9 |  9.4
Long Blades    | 3 4 5 6 7 9 |  9.5
Armour         | 1 2 3 4 5 6 |  6.1
Fighting       | 3 4 5 6 7 |  7.9
Throwing       | |  1.7

Action                   |  1- 3 |  4- 6 |  7- 9 | 10-12 || total
-------------------------+-------+-------+-------+-------++-------
Melee: Long sword        |   134 |    76 |   417 |   318 ||   945
       Short sword       |       |    97 |   202 |       ||   299
       Falchion          |       |       |       |    86 ||    86
Throw: Throwing net      |       |       |     5 |       ||     5
Evoke: Wand              |       |       |     2 |     1 ||     3
  Use: Scroll            |     6 |     5 |     6 |     4 ||    21
       Potion            |       |     7 |     5 |     5 ||    17
 Stab: Invisible         |       |       |     2 |     2 ||     4
       Paralysed         |       |       |     2 |       ||     2
Armor: Leather armour    |     9 |       |       |       ||     9
       Ring mail         |    81 |    73 |   100 |       ||   254
       Scale mail        |       |       |   200 |   184 ||   384
Dodge: Dodged            |    96 |    96 |   392 |   344 ||   928
       Rpst.: Long sword |    30 |    13 |    63 |    85 ||   191
       Falchion          |       |       |       |     8 ||     8

Table legend: (Time is in decaauts)
 A = Elapsed time spent in this place.
 B = Non-inter-level travel time spent in this place.
 C = Inter-level travel time spent in this place.
 D = Time resting spent in this place.
 E = Time spent auto-exploring this place.
 F = Levels seen in this place.
 G = Mean time per level.
                   A        B        C        D        E       F      G
               +--------+--------+--------+--------+--------+-----+--------+
         Total |  13457 |  12867 |    590 |   3682 |   6537 |  11 | 1223.4 |
       Dungeon |  13327 |  12748 |    579 |   3682 |   6464 |  10 | 1332.7 |
        Temple |    130 |    119 |     11 |      0 |     73 |   1 |  130.0 |
               +--------+--------+--------+--------+--------+-----+--------+

Top non-repeatable levels by time:
     D:3: 1773 daAuts
     D:7: 1684 daAuts
     D:5: 1675 daAuts
     D:4: 1628 daAuts
     D:9: 1506 daAuts
     D:8: 1454 daAuts
     D:1: 1240 daAuts
     D:6: 1117 daAuts
     D:2: 782 daAuts
    D:10: 464 daAuts
  Temple: 130 daAuts
